 Dungeon Crawl Stone Soup version 0.22.0-49-gab54619 (webtiles) character file.

163 Marcoleric the Shield-Bearer (level 5, -4/46 HPs)
             Began as a Hill Orc Fighter on Sept 7, 2018.
             Was an Initiate of Cheibriados.
             Killed from afar by Natasha (6 damage)
             ... with a wand of flame (27)
             ... on level 3 of the Dungeon.
             The game lasted 00:07:31 (2192 turns).

Marcoleric the Shield-Bearer (Hill Orc Fighter)     Turns: 2192, Time: 00:07:32

Health: -4/46      AC:  7    Str: 21    XL:     5   Next: 44%
Magic:  5/5        EV:  8    Int:  9    God:    Cheibriados [......]
Gold:   169        SH: 10    Dex: 11    Spells: 4/4 levels left

rFire    . . .     SeeInvis .   a - +1 war axe
rCold    . . .     Gourm    .   c - +1 shield
rNeg     . . .     Faith    .   b - +0 scale mail
rPois    .         Spirit   .   (no helmet)
rElec    .         Reflect  .   (no cloak)
rCorr    +         Harm     .   (no gloves)
MR       .....                  (no boots)
Stlth    ..........             (no amulet)
HPRegen  0.15/turn              i - ring of flight
MPRegen  0.09/turn              h - ring of resist corrosion

@: slowed, very slow
A: no striking features
a: Bend Time, Renounce Religion, Evoke Flight


You were on level 3 of the Dungeon.
You worshipped Cheibriados.
Cheibriados was noncommittal.
You were not hungry.

You visited 1 branch of the dungeon, and saw 3 of its levels.

You collected 169 gold pieces.

Inventory:

Hand Weapons
 a - a +1 war axe (weapon)
Armour
 b - a +0 scale mail (worn)
 c - a +1 shield (worn)
Jewellery
 h - a ring of resist corrosion (right hand)
 i - a ring of flight (left hand)
 m - a cursed ring of attention {unknown}
Scrolls
 g - a scroll of amnesia
 j - 4 scrolls of magic mapping
 n - 2 scrolls of teleportation {unknown}
 p - 2 scrolls of blinking
 q - a scroll of remove curse {unknown}
Potions
 d - a potion of might
 e - 2 potions of flight
 k - a potion of curing
 l - a potion of heal wounds {unknown}
 o - a potion of agility {unknown}
Comestibles
 f - a ration


   Skills:
 + Level 4.1 Fighting
 + Level 4.5 Axes
 + Level 4.1 Armour
 + Level 0.9 Dodging
 * Level 4.5 Shields


You had 4 spell levels left.
You didn't know any spells.
Your spell library was empty.

Dungeon Overview and Level Annotations

Branches:
Dungeon (3/15)

Altars:
Cheibriados
Hepliaklqana
Sif Muna
Uskayaw
Vehumet
Zin

Annotations:
D:3 Natasha


Message History

Natasha casts a spell at you. You resist with some effort.
You feel better.
The white imp disappears in a puff of smoke!
The shadow imp closely misses you. Natasha casts a spell at you.
You feel as though you will be slow longer.
The shadow imp hits you but does no damage.
You block Natasha's attack.
You miss Natasha. You hit the shadow imp.
You kill the shadow imp!
Natasha claws you. Natasha claws you!
You barely miss Natasha.
Natasha zaps a wand.
The puff of flame hits you!
* * * LOW HITPOINT WARNING * * *
Natasha zaps a wand.
The puff of flame hits you!
* * * LOW HITPOINT WARNING * * *
You slash Natasha!
Natasha is heavily wounded.
Natasha zaps a wand.
The puff of flame hits you!
You die...

≈≈≈≈≈≈≈≈≈≈≈≈≈#$.#...#.#
≈#≈≈≈≈≈≈##≈≈≈...#......#
≈≈≈≈≈≈≈#≈#≈≈≈≈..........
≈≈#≈≈≈≈≈≈≈≈≈≈≈≈.#......#
#..≈≈...≈≈%≈≈≈≈........#
≈.....<)....≈≈..........
#.≈≈≈..(≈♣..≈≈≈......#..
≈#.≈≈≈≈≈≈≈#≈≈≈≈.........
#≈≈≈≈≈≈≈≈≈≈≈≈§##@....#.
≈≈≈≈≈≈≈≈≈≈≈≈h5##.h...#
≈##≈≈≈≈≈≈≈≈≈≈..#.....#
#≈≈≈≈≈≈≈≈≈≈≈.........#
#.≈≈≈≈≈≈≈.#........##
#.##≈≈.≈≈## .#.....
........ ........
#..!#..# .##.......
..### .


You could see Natasha.

Vanquished Creatures
  A hound (D:3)
  Natasha (twice) (D:2 D:3)
  2 adders
  6 dart slugs
  2 leopard geckos (D:1)
  A giant cockroach (D:1)
  8 goblins
  10 hobgoblins
  6 kobolds
  A quokka (D:3)
  4 bats
  4 frilled lizards
  7 rats
54 creatures vanquished.

Notes
Turn   | Place    | Note
-------+----------+-------------------------------------------
     0 | D:1      | Marcoleric the Hill Orc Fighter began the quest for the
                  | Orb.
     0 | D:1      | Reached XP level 1. HP: 19/19 MP: 1/1
    72 | D:1      | Reached XP level 2. HP: 19/27 MP: 2/2
   268 | D:1      | Reached XP level 3. HP: 18/33 MP: 3/3
   379 | D:1      | You fall through a shaft!
  1573 | D:2      | Found a hide-covered altar of Uskayaw.
  1573 | D:2      | Found a radiant altar of Vehumet.
  1573 | D:2      | Found a deep blue altar of Sif Muna.
  1573 | D:2      | Found a glowing silver altar of Zin.
  1575 | D:2      | Noticed Natasha
  1589 | D:2      | Killed Natasha
  1589 | D:2      | Reached XP level 4. HP: 17/40 MP: 4/4
  1769 | D:2      | Found a hazy altar of Hepliaklqana.
  1769 | D:2      | Found a snail-covered altar of Cheibriados.
  1781 | D:2      | Became a worshipper of Cheibriados the Contemplative
  1924 | D:3      | Noticed Natasha
  1934 | D:3      | Killed Natasha
  1943 | D:3      | Reached XP level 5. HP: 19/46 MP: 5/5
  2172 | D:3      | Noticed Natasha
  2191 | D:3      | HP: 1/46 [Natasha/wand of flame (28) (9)]
  2192 | D:3      | Killed from afar by Natasha

Skill      XL: |  1  2  3  4 |
---------------+-------------+-----
Axes           | 3 4 |  4.5
Fighting       | 4 |  4.1
Shields        | 4 |  4.5
Armour         | 4 |  4.1
Dodging        | |  0.9

Action                   |  1- 3 |  4- 6 || total
-------------------------+-------+-------++-------
Melee: War axe           |   129 |    31 ||   160
  Use: Scroll            |     7 |       ||     7
       Potion            |       |     1 ||     1
  Eat: Ration            |     1 |     1 ||     2
Armor: Scale mail        |    49 |    11 ||    60
Dodge: Dodged            |    42 |     8 ||    50
Block: Shield            |    93 |    25 ||   118
